 Dungeon Crawl Stone Soup version 0.29.1-1-gd02db69 (webtiles) character file.

Game seed: 11667483577561831137

46 Timinator the Insei (level 3, -8/28 HPs)
             Began as a Demigod Transmuter on Dec 19, 2022.
             Killed by nerve-wracking pain
             ... invoked by Jessica
              (14 damage)
             ... on level 2 of the Dungeon.
             The game lasted 00:04:33 (1795 turns).

Timinator the Insei (Demigod Transmuter)            Turns: 1795, Time: 00:04:33

Health: -8/28      AC:  2    Str: 11    XL:     3   Next: 27%
Magic:  7/8        EV: 12    Int: 15    God:
Gold:   87         SH:  5    Dex: 18    Spells: 3/6 levels left

rFire   . . .      SeeInvis .     - Unarmed
rCold   . . .      Faith    .   (no shield)
rNeg    . . .      Spirit   .   a - +0 robe
rPois   .          Reflect  +   (helmet currently unavailable)
rElec   .          Harm     .   (no cloak)
rCorr   .          Rampage  .   (no gloves)
Will    .....                   (boots currently unavailable)
Stlth   ++........              d - amulet of reflection
HPRegen 0.09/turn               (no ring)
MPRegen 0.11/turn               (no ring)

@: appendages (expiring)
A: horns 2, talons 2, high MP 1, forlorn, divine attributes
a: End Transformation


You were on level 2 of the Dungeon.
You had temporarily grown beastly horns and talons.
You visited 1 branch of the dungeon, and saw 2 of its levels.

You collected 87 gold pieces.

Inventory:

Armour
 a - a +0 robe (worn)
 e - a +0 leather armour
 m - a +0 ring mail
Jewellery
 d - an amulet of reflection (around neck)
Scrolls
 h - a scroll of magic mapping {unknown}
 i - a scroll of identify {unknown}
 k - a scroll of vulnerability {unknown}
 l - a scroll of noise {unknown}
Potions
 b - a potion of lignification
 c - 2 potions of attraction {unknown}
 f - 2 potions of heal wounds {unknown}
 g - 3 potions of curing {unknown}
 j - a potion of mutation {unknown}
 n - a potion of haste {unknown}


   Skills:
 * Level 1.3 Fighting
 * Level 0.8 Armour
 * Level 2.1 Dodging
 + Level 3.0 Unarmed Combat
 + Level 2.0 Spellcasting
 * Level 2.2 Transmutations


You had 3 spell levels left.
You knew the following spells:

 Your Spells              Type           Power      Damage    Failure   Level
a - Beastly Appendage     Tmut           16%        N/A       9%          1
b - Wereblood             Tmut           8%         N/A       14%         2

Your spell library contained the following spells:

 Spells                   Type           Power      Damage    Failure   Level
 Spider Form              Tmut/Pois      4%         N/A       38%         3
 Call Canine Familiar     Summ           1%         N/A       54%         3
 Portal Projectile        Hex/Tloc       2%         N/A       54%         3
 Ice Form                 Ice/Tmut       4%         N/A       80%         4
 Leda's Liquefaction      Hex/Erth       0%         N/A       91%         4


Dungeon Overview and Level Annotations

Branches:
Dungeon (2/15)

Annotations:
D:2 Jessica


Innate Abilities, Weirdness & Mutations

You have temporarily grown beastly horns and talons.
You have an increased reservoir of magic. (+10% MP)
You shall have no god before yourself.
Your divine heritage dramatically boosts your attributes as you level up.


Message History

The hobgoblin closely misses you.
You closely miss the hobgoblin. The hobgoblin completely misses you.
You barely miss the hobgoblin. You claw the hobgoblin.
You headbutt the hobgoblin.
You kill the hobgoblin!
You see here a hobgoblin corpse.
Your transformation is almost over.
Your horns disappear.
Your talons disappear.
A quokka comes into view.
Casting: Beastly Appendage (safe; 9% risk of failure)
Confirm with . or Enter, or press ? or * to list all spells.
You grow a pair of large bovine horns.
Your feet morph into talons.
You hit the quokka.
You kill the quokka!
Your transformation is almost over.
n - a murky clear potion Your horns disappear.
Your talons disappear.
Found a buckler.
Jessica the Apprentice Sorceress comes into view.
She is wielding a +0 dagger.
An endoplasm comes into view.
Casting: Beastly Appendage (safe; 9% risk of failure)
Confirm with . or Enter, or press ? or * to list all spells.
You grow a pair of large bovine horns.
Your feet morph into talons.
Jessica points at you and mumbles some strange words.
Pain shoots through your body!
Your transformation is almost over.
Jessica casts a spell.
Jessica seems to speed up.
You closely miss Jessica. Jessica casts a spell at you.
You resist with some effort.
You hit Jessica but do no damage. Your kick misses Jessica.
Jessica points at you and mumbles some strange words.
Pain shoots through your body!
Ouch! That really hurt!
* * * LOW HITPOINT WARNING * * *
Jessica casts a spell at you. Pain shoots through your body!
Ouch! That really hurt!
You die...

#.# #.# # #.####..
###.##.#####.......
..................#
.##.##.##.........
.##.# ....J......
.##.# #........#
.##.### #.......#
##....## #.....@@###
#.....# #.........#
#....## ####.####.#
# ####.# #.####.#.#
#.#######.#......#
#.#.......#.##.###
#####.#.........##.#
......#............#
..###.........######


You could see Jessica (fast) and an endoplasm.

Vanquished Creatures
  6 ball pythons
  3 endoplasms
  3 giant cockroaches (D:1)
  4 hobgoblins
  2 jackals (D:1)
  4 kobolds
  3 quokkas (D:2)
  5 bats
  2 frilled lizards (D:1)
  6 goblins
  5 rats (D:1)
43 creatures vanquished.

Notes
Turn   | Place    | Note
-------+----------+-------------------------------------------
     0 | D:1      | Timinator the Demigod Transmuter began the quest for the
                  | Orb.
     0 | D:1      | Reached XP level 1. HP: 15/15 MP: 5/5
    23 | D:1      | Reached skill level 1 in Fighting
   602 | D:1      | Reached XP level 2. HP: 18/23 MP: 5/7
  1382 | D:2      | Reached skill level 3 in Unarmed Combat
  1396 | D:2      | Reached XP level 3. HP: 28/28 MP: 6/8
  1530 | D:2      | Learned a level 2 spell: Wereblood
  1790 | D:2      | Noticed Jessica
  1795 | D:2      | Killed from afar by Jessica

Illustrated notes

Levels and vault maps discovered:
D:1:      roderic_crossed_star, layout_loops_ring
D:2:      layout_loops_cross, amcnicky_mini_pool_small, uniq_jessica,
          uniq_sigmund

Skill      XL: |  1  2  3 |
---------------+----------+-----
Fighting       | 1 |  1.3
Transmutations | 2 |  2.2
Dodging        | 2 |  2.1
Unarmed Combat | 3 |  3.0
Spellcasting   | 2 |  2.0
Armour         | |  0.8

Action                   || total
-------------------------++-------
Melee: Unarmed           ||   112
       Kick              ||    18
       Headbutt          ||    11
       Punch             ||     3
 Cast: Beastly Appendage ||    23
 Stab: Sleeping          ||     4
Armor: Robe              ||    12
Dodge: Dodged            ||    65
Block: Other             ||    13
